Cogmind - Beta 14 @@@ ROGUE MODE // 2025.01.02 @ 18:02:29 Player: Fazzonamite Result: Destroyed by G-34 Mercenary with Small Laser Performance ------------- Evolutions (0) 0 Regions Visited (2) 400 Robots Destroyed (32) 160 Value Destroyed (527) 527 Prototype IDs (2) 40 Alien Tech Used (0) 0 Bonus (0) 0 TOTAL SCORE: 1127 Bonus ------- None Cogmind --------- Core Integrity 0/250 Matter 293/300 Energy 125/125 System Corruption 0% Temperature Cool (74) Movement Rolling (110) Ox2 Location -10/Mines Parts ------- > --- POWER (1) -------- Light Ion Engine > --- PROPULSION (2) --- Wheel > --- UTILITY (2) ------ Large Storage Unit Weapon Shielding > --- WEAPON (2) ------- Light Assault Rifle Light Assault Rifle > --- INVENTORY (15) --- Light Nuclear Core Improved Heat Sink Structural Scanner Seismic Detector Power Shielding Power Shielding Hacking Suite EM Pulse Gun Particle Gun Beam Cannon Light Assault Rifle Light Assault Rifle Light Cannon Rocket Launcher Datajack Peak State ------------ > --- POWER ------------ Light Ion Engine > --- PROPULSION ------- Wheel Compact Wheel > --- UTILITY ---------- Large Storage Unit Weapon Shielding > --- WEAPON ----------- Assault Rifle Mini Grenade Launcher > --- INVENTORY -------- Ion Engine Light Ion Engine Heat Sink Structural Scanner Seismic Detector Power Shielding Power Shielding Weapon Shielding Hacking Suite EM Pulse Gun Beam Cannon Light Assault Rifle Light Assault Rifle Light Cannon Datajack [Rating: 9] Favorites ----------- Power Ion Engine Engine Ion Engine Propulsion Compact Wheel Wheel Compact Wheel Utility Large Storage Unit Device Seismic Detector Storage Large Storage Unit Protection Weapon Shielding Weapon Light Assault Rifle Ballistic Gun Light Assault Rifle Launcher Grenade Launcher Build | -11 -10 -10 ------- Run | Yrd Mat Min Slots Evolved . | . . . Power . | . . . Propulsion . | . . . Utility . | . . . Weapon . | . . . Parts Attached 24 | 6 4 14 Power 4 | 1 . 3 Engine 4 | 1 . 3 Core . | . . . Reactor . | . . . Propulsion 7 | 2 2 3 Treads . | . . . Leg . | . . . Wheel 7 | 2 2 3 Hover . | . . . Flight . | . . . Utility 4 | 1 2 1 Device 1 | 1 . . Storage 1 | . 1 . Processor . | . . . Hackware . | . . . Protection 2 | . 1 1 Artifact . | . . . Weapon 9 | 2 . 7 Energy Gun . | . . . Energy Cannon . | . . . Ballistic Gun 7 | 2 . 5 Ballistic Cannon . | . . . Launcher 2 | . . 2 Special Weapon . | . . . Impact Weapon . | . . . Slashing Weapon . | . . . Piercing Weapon . | . . . Special Melee Weapon . | . . . Unidentified Prototypes . | . . . Parts Lost 7 | . 1 6 Power 2 | . . 2 Propulsion 5 | . 1 4 Utility . | . . . Weapon . | . . . Highest Loss Streak 2 | . 1 2 To Critical Strikes 1 | . . 1 Average Slot Usage (%) 96 | . 98 95 Engine 13 | . 14 13 Wheel 25 | . 27 24 Device 1 | . 2 . Storage 13 | . 13 14 Protection 12 | . 11 14 Ballistic Gun 23 | . 28 21 Launcher 4 | . . 6 Peak Build Rating 9 | 6 8 9 Average Rating 7 | 4 7 8 On Entrance 4 | . 6 8 Naked Turns . | . . . Heaviest Build 29 | 9 29 29 Greatest Support 26 | 26 26 26 Greatest Overweight (x) 2 | . 2 1 Average Overweight (x) . | . . . Largest Inventory Capacity 15 | 5 15 15 Average Capacity 14 | 5 14 15 Most Carried 15 | 5 15 15 Average Carried 13 | 3 12 14 Final Capacity 15 | 5 15 15 Final Carried 15 | 5 15 15 Class Distribution -------------------- 90% | Mutant 9% | Scavenger-Mutant Dominant Class ---------------- Mutant | -10/Materials Mutant | -10/Mines Resources | -11 -10 -10 ----------- Run | Yrd Mat Min Matter Collected 717 | 212 279 226 Remotely . | . . . Salvage Created 894 | 37 478 379 Parts 67 | 5 35 27 Haulers Intercepted 1 | . 1 . Recyclers Shooed 1 | . 1 . Parts Field Recycled . | . . . Retrieved Matter . | . . . Parts Self-Destructed . | . . . Prevented . | . . . Kills | -11 -10 -10 ------- Run | Yrd Mat Min Combat Hostiles Destroyed 23 | . 10 13 Guns 22 | . 10 12 AOE 1 | . . 1 Classes Destroyed 8 | 1 6 1 Worker 1 | . . 1 Builder 2 | . 1 1 Tunneler 2 | 2 . . Hauler 1 | . 1 . Recycler 2 | . 1 1 Operator 1 | . 1 . Swarmer 14 | . 3 11 Grunt 9 | . 7 2 Best Kill Streak 5 | 1 5 5 Combat Bots Only 5 | . 4 5 Max Kills in Single Turn 2 | 1 1 2 Gunslinging 1 | . . 1 Exploded 1 | . . 1 Melee . | . . . Uniques/NPCs Destroyed . | . . . Combat | -11 -10 -10 -------- Run | Yrd Mat Min Hostile Shots Fired 107 | . 37 70 Missed 28 | . 14 14 Damage Taken 839 | . 235 604 Core 253 | . 53 200 Absorbed by Shields . | . . . Redirected to Shielding 61 | . 14 47 Core Remaining (%) 100 | 100 . . Volleys Fired 95 | 7 42 46 Largest 2 | 2 2 2 Hottest 40 | 40 40 40 Shots Fired 189 | 14 84 91 Gun 188 | 14 84 90 Cannon . | . . . Launcher 1 | . . 1 Special . | . . . Kinetic 188 | 14 84 90 Thermal . | . . . Explosive 1 | . . 1 Electromagnetic . | . . . Robot Hit Streak 14 | 4 9 14 Robot Miss Streak 3 | 1 3 3 Penetration Max . | . . . Secondary Targets 6 | . 3 3 Max Gunslinging Chain 1 | . 1 1 Shots Hit Robots 119 | 9 49 61 Core Hits 60 | 4 27 29 Critical Kills . | . . . Critical Parts Destroyed 2 | . 2 . Critical Strikes 2 | . 2 . Destroy 2 | . 2 . Melee Attacks . | . . . Impact . | . . . Slashing . | . . . Piercing . | . . . Sneak Attacks . | . . . Combat Hostiles . | . . . Follow-up Attacks . | . . . Damage Inflicted 1215 | 91 545 579 Guns 1157 | 91 545 521 Cannons . | . . . Explosions 58 | . . 58 Melee . | . . . Ramming . | . . . Kinetic 1157 | 91 545 521 Thermal . | . . . Explosive 58 | . . 58 Electromagnetic . | . . . Impact . | . . . Slashing . | . . . Piercing . | . . . Highest Corruption . | . . . Average Corruption . | . . . Corruption Purged . | . . . Corruption Blocked . | . . . Overload Shots . | . . . Overflow Damage . | . . . Projectiles . | . . . Explosions . | . . . Melee . | . . . Knockbacks . | . . . Impact . | . . . Kinetic . | . . . Secondary . | . . . Self-Inflicted Damage 43 | . . 43 Shots 1 | . . 1 Rammed . | . . . Targets Rammed . | . . . Kicked . | . . . Crushed . | . . . Highest Temperature 59 | . 6 59 Average Temperature 13 | . 6 19 Received Heat Transfer 276 | . 84 192 Siege Activations . | . . . Robots Corrupted . | . . . Combat Hostiles . | . . . Parts Fried . | . . . Impact Corruptions . | . . . Robots Melted . | . . . Combat Hostiles . | . . . Parts Melted . | . . . Heat Transferred . | . . . Parts Sabotaged . | . . . Parts Stolen . | . . . Parts Stripped . | . . . Power Chain Reactions . | . . . Alert | -11 -10 -10 ------- Run | Yrd Mat Min Peak Influence 281 | 10 281 278 Initial 47 | . 6 47 Average 116 | 3 104 133 Maximum Alert Level 1 | . 1 1 Low Security (%) 83 | 100 92 76 Level 1 16 | . 7 23 Level 2 . | . . . Level 3 . | . . . Level 4 . | . . . Level 5 . | . . . High Security . | . . . Max Security . | . . . Squads Dispatched 3 | . 3 . Investigation . | . . . Extermination . | . . . Reinforcement 3 | . 3 . Assault . | . . . Garrison . | . . . Intercept . | . . . Searches Triggered . | . . . Construction Impeded . | . . . Haulers Reinforced . | . . . Active Scanning Responses . | . . . Cargo Convoy Interrupts . | . . . Stealth | -11 -10 -10 --------- Run | Yrd Mat Min Distress Signals 2 | . 1 1 Communications Jammed . | . . . Distress Signals . | . . . Times Spotted 37 | . 19 18 Peak Tracking Total 4 | . 4 3 Tactical Retreats 3 | . 1 2 Traps | -11 -10 -10 ------- Run | Yrd Mat Min Traps Triggered . | . . . Indirectly . | . . . Trap Hack Attempts . | . . . Triggered . | . . . Disarmed . | . . . Reprogrammed . | . . . Reused . | . . . Traps Extracted . | . . . Installed . | . . . Triggered . | . . . Machines | -11 -10 -10 ---------- Run | Yrd Mat Min Machines Disabled . | . . . Max in Single Turn . | . . . Machines Repaired . | . . . Machines Dismantled . | . . . Machines Sabotaged . | . . . Overloaded Fab Kills . | . . . Hacking | -11 -10 -10 --------- Run | Yrd Mat Min Machines Accessed 6 | . 6 . Terminals 5 | . 5 . Fabricators . | . . . Repair Stations . | . . . Recycling Units 1 | . 1 . Scanalyzers . | . . . Garrison Access . | . . . Total Hacks 14 | . 14 . Successful 7 | . 7 . Failed 7 | . 7 . Catastrophic . | . . . Database Lockouts . | . . . Manual 12 | . 12 . Terminals 12 | . 12 . Fabricators . | . . . Repair Stations . | . . . Recycling Units 2 | . 2 . Scanalyzers . | . . . Garrison Access . | . . . Terminal Hacks 1 | . 1 . Prototype ID Bank 1 | . 1 . Fabricator Hacks . | . . . Repair Station Hacks . | . . . Recycling Unit Hacks 1 | . 1 . Report Inventory 1 | . 1 . Scanalyzer . | . . . Garrison Access Hacks . | . . . Unauthorized Hacks 5 | . 5 . Terminals 4 | . 4 . Botnet 4 | . 4 . Fabricators . | . . . Repair Stations . | . . . Recycling Units 1 | . 1 . Recyclers 1 | . 1 . Scanalyzers . | . . . Garrison Access . | . . . Data Cores Recovered . | . . . Used . | . . . Hacking Detections 2 | . 2 . Full Trace Events . | . . . Feedback Events . | . . . Feedback Blocked . | . . . Robot Schematics Acquired . | . . . Robots Built . | . . . Authchips . | . . . Time . | . . . Total Robot Build Rating . | . . . Part Schematics Acquired . | . . . Parts Built . | . . . Authchips . | . . . Time . | . . . Total Part Build Rating . | . . . Parts Repaired . | . . . Time . | . . . Parts Recycled . | . . . Recycled Matter . | . . . Retrieved Matter . | . . . Retrieved Components . | . . . Parts Scanalyzed . | . . . Part Schematics Acquired . | . . . Parts Damaged . | . . . Bothacking | -11 -10 -10 ------------ Run | Yrd Mat Min Used RIF Installer . | . . . Robots Hacked . | . . . Non-combat . | . . . Combat . | . . . Robot Hacks Applied . | . . . Relay Couplers Released . | . . . Fabnet Peak Effective % . | . . . Robots Rewired . | . . . Allies Hacked . | . . . Hacks Repelled . | . . . Allies | -11 -10 -10 -------- Run | Yrd Mat Min Total Allies . | . . . Largest Group . | . . . Highest-Rated Group . | . . . Highest-Rated Ally . | . . . Total Orders . | . . . Ally Attacks . | . . . Total Damage . | . . . Kills . | . . . Allies Corrupted . | . . . Allies Melted . | . . . Intel | -11 -10 -10 ------- Run | Yrd Mat Min Robot Analysis Total . | . . . Derelict Logs Recovered 1 | . . 1 Drone Launches . | . . . Drone Recoveries . | . . . Exploration | -11 -10 -10 ------------- Run | Yrd Mat Min Turns Passed 1591 | 82 581 928 Spaces Moved 667 | 49 323 295 Core 6 | 6 . . Treads . | . . . Legs . | . . . Wheels 661 | 43 323 295 Hover . | . . . Flight . | . . . Fastest Speed 50 | 50 90 90 Average Speed 100 | 85 103 99 Slowest Speed 115 | 90 110 115 Overloaded Moves . | . . . Propulsion Burnouts . | . . . Robots Hopped . | . . . Cave-ins Triggered . | . . . Exploration Rate (%) 29 | 3 37 49 Regions Visited 2 Branch Regions 1 Pre-discovered Areas . | . . . Known Exits Taken . | . . . Unknown Exits Taken 2 | 1 1 . Scrap Searched . | . . . Spaces Dug . | . . . Terrain Destroyed 10 | . . 10 Melee . | . . . Projectile . | . . . AOE 10 | . . 10 Terrain Rammed . | . . . Walls Destroyed . | . . . Machines Disabled . | . . . Actions | -11 -10 -10 --------- Run | Yrd Mat Min Total 1431 | 76 497 858 Wait 600 | 5 110 485 Move 665 | 48 322 295 Hop . | . . . Pick Up 33 | 10 15 8 Fast Attach 4 | 1 . 3 Attach 10 | 5 2 3 Detach . | . . . Swap 10 | . 2 8 Drop 14 | . 4 10 Fire 95 | 7 42 46 Melee . | . . . Ram . | . . . Kick . | . . . Crush . | . . . Escape Stasis . | . . . Rewire . | . . . Trap . | . . . Miscellaneous . | . . . Route ------- -11/Scrapyard -10/Materials -10/Mines (discovered 1 exit: [*Mat]) History --------- Turn | Location | Event 20 | -11/Scrapyard | Discovered new exit (range 16) 83 | -11/Scrapyard | Entered Materials 316 | -10/Materials | Build established: Mutant 568 | -10/Materials | Discovered new exit (range 16) 664 | -10/Materials | Entered Mines 665 | -10/Mines | Assembled infested the area 804 | -10/Mines | Learned Materials emergency access door positions 1101 | -10/Mines | A weapon hastily lodged in a ceiling crevice suddenly fell to the ground 1237 | -10/Mines | Core integrity fell below 50% 1474 | -10/Mines | Discovered new exit (range 5) 1481 | -10/Mines | Received a Rocket Launcher from a helpful Derelict 1587 | -10/Mines | Core integrity fell below 20% 1592 | -10/Mines | Destroyed by G-34 Mercenary with Small Laser Last Messages --------------- 01475_ P9-XK8(g): "Some of my friends down here think you need a mining laser when you travel the depths." 01476_ P9-XK8(g): "Pshh... whatever." 01477_ P9-XK8(g): "Everyone knows a good old rocket launcher goes a long way." 01479_ P9-XK8(g): "Need to get rid of a swarm? Done. Need a big hole in the wall? Done." 01480_ P9-XK8(g): "Need a small hole in the wall? Leave that to the mining laser wimps, I say!" 01481_ P9-XK8(g): "Would you like a rocket launcher? I know I would if I were you, so I'm going to lend you mine." 01481_ P9-XK8(g) slips back into the shadows. 01481_ Dropped Mni. Grenade Launcher. 01483_ Acquired Rocket Launcher. 01578_ G-47 Trooper: "SECOND INTRUDER APPROACHING. ELIMINATE." 01584_ Com. Wheel destroyed. Map ----- +----------------------------------------------------+ | ?????????????????????????# #?????????###???????? | | ?????????????????????????# #????????? ???????? | | ?????????????????????????# #?????????# #???????? | | ?????????????????????????# #?????????# #???????? | | ?????????????????????????# #?????????# #???????? | | ?????????????????????????# #?????????# ###?????? | | ?????????????????????????# ########### ##????? | | ?????????????????????????# #????? | | ?????????????????????????#############] #????? | | ?????????????????????????????????????# #????? | | ????????????????????????????????###### #????? | | ????????????????????????????????# < #????? | | ????????????????????????????????# ##### ##????? | | ????????????????????????????????# #????###?????? | | ????????????????????????????????# #????????????? | | ????????????????????????????????# #???????####?? | | ????????????????????????????????# #??????## ##? | | ????????????????????????????????# #?????## #? | | ????????????????????????????????# #?????# #? | | ??????????????????????????####??# #?????# #? | | ?????????????????????###### ##?# #????## #?? | | ????????????????????## ### ###??# ###?? | | ????????????????????# #??# ##???? | | ????????????????????# #### #????? | | ???????????????????## ####### #????? | | ????????????????#### u@###?????##### #????? | | ?????????????# k ggg##??????????## #????? | | ????????????# t ??????????# #????? | | ????????????# ???????# #????? | | ?????????? ####??????# ##????? | | ?????????? ####### #?????????## ##?????? | | ???????????##????????######??????????###???????? | | ???????????????????????????????????????????????? | | ???????????????????????????????????????????????? | | | | | | | | | | | | | | | | | | | | | | | | | | | | | | | | | +----------------------------------------------------+ Best States ------------- Heat Dissipation 25 Energy Generation 10 Energy Capacity 250 Matter Stores 300 Matter Capacity 300 Sight Range 16 Terrain Scan Density 10 Weapon Shielding 33 Evasion (%) 50 Item Schematics ----------------- None Robot Schematics ------------------ None Fabricated ------------ Nothing Alien Tech Used ----------------- None Achievements -------------- None Challenges ------------ None Game ------ Seed CommScrapoidChronowheel Manual? 0 Play Time 00:27:09 Cumulative 145.2 hours Start 2025.01.02 @ 17:35:08 End 2025.01.02 @ 18:02:29 Sessions 1 Manual Loads 0 Difficulty Rogue Special Mode None Game No. 102 Rogue 102 Adventurer 0 Explorer 0 Win Type - Total 2 Types 2/0/0/0/0/0/0/0/0 Lore% 45 Gallery% 53 Achievement% 46 Wizard Run 0 Options --------- Layout 2 ASCII 0 Keyboard 0 Movement Mouse Keybinds 0 Fullscreen 1 Font 48/Smallcaps Map View 50x44 Zoom Use 0% Tactical HUD 1 Map Filters NONE Filters NONE Steam 1 RUN: 07707712-be5e-427c-bd00-f34a33a47390